cohdb
Replays
Latest Replays
All Replays
Popular Replays
Top Player Replays
Match Explorer
How It Works
Community
CoH3 Stats
Reddit
Sign in to upload your games and track your stats! →
Sign in with Steam
Match 43618503
Unlisted
Match 43618503
Overview
Messages
Build Orders
End
Construct Barracks
Riflemen Squad
Riflemen Squad
Grenade Package
Riflemen Squad
Construct Medical Station
Infantry Support Center
Construct Weapon Support Center
M1919 Machine Gun Team
M1919 Machine Gun Team
Selects Heavy Weapons
Selects M2HB .50cal Heavy Machine Gun
Construct Motor Pool
M1 Anti-tank Gun Team
Selects Rapid Reposition
Survival Training
M1918 Browning Automatic Rifles
M1 Anti-tank Gun Team
BUBBA_ACTUAL
JollyRedRockett
Civilian
Eermel
0
0
Comments
sign in to comment!
No comments posted yet!